[ AOE2 MATCH · #506700862 ]
UnrankedKhmer vs Koreans
Player's team · WIN
Rival team · LOSS
[ REPLAY ANALYSIS · EXTRACTED FROM THE RECORDED GAME ]
Feudal
8:56
Castle
—
Imperial
—
| APM avg | 65.3 |
| APM peak | 89 |
| eAPM avg | 25.1 |
| Villagers / military | 22 / 6 |
Focus
⚔️ 21.4% · 🌾 78.6%
Archer ×4 · Militia ×1 · Skirmisher ×1
Feudal
—
Castle
—
Imperial
—
| APM avg | 51.8 |
| APM peak | 82 |
| eAPM avg | 22.4 |
| Villagers / military | 30 / 0 |
Focus
⚔️ 30.7% · 🌾 69.3%
Match map
Initial resources + every placement click. Lines = walls · curves = elevation contours. ◆ gold · ⬟ stone · ● berries · ✦ relic · ◌ wall gap
Your base· Open — unwalled flank
MatzeAoE's base· Open — unwalled flank
Smoothed initial terrain · ◌ = detected wall gap · hover for details
Inputs per minute
— boanaan - - MatzeAoE
Build order — boanaan
47 actions detected in the replay
| 0:01 | Create | Villager (Male) |
| 0:02 | Build | House |
| 0:03 | Build | House |
| 0:07 | Create | Villager (Male) |
| 0:07 | Create | Villager (Male) |
| 0:07 | Create | Villager (Male) |
| 1:40 | Create | Villager (Male) |
| 1:44 | Build | Lumber Camp |
| 2:08 | Create | Villager (Male) |
| 2:33 | Create | Villager (Male) |
| 2:58 | Create | Villager (Male) |
| 3:16 | Create | Villager (Male) |
| 3:41 | Create | Villager (Male) |
| 4:04 | Create | Villager (Male) |
| 4:04 | Create | Villager (Male) |
| 4:52 | Create | Villager (Male) |
| 5:29 | Create | Villager (Male) |
| 5:52 | Create | Villager (Male) |
| 6:00 | Build | Mill |
| 6:15 | Create | Villager (Male) |
| 6:17 | Research | Loom |
| 6:46 | Research | Feudal Age |
| 7:01 | Build | Lumber Camp |
| 7:23 | Build | Barracks |
| 8:15 | Create | Militia |
| 8:21 | Build | House |
| 8:22 | Build | House |
| 8:33 | Build | House |
| 8:45 | Build | Palisade Wall |
| 8:47 | Build | Palisade Wall |
| 8:56 | Age | Feudal Age |
| 8:59 | Build | Archery Range |
| 9:00 | Create | Villager (Male) |
| 9:13 | Create | Villager (Male) |
| 9:41 | Research | Double-Bit Axe |
| 9:46 | Create | Villager (Male) |
| 10:06 | Build | Mining Camp |
| 10:16 | Create | Villager (Male) |
| 10:33 | Build | Palisade Wall |
| 10:41 | Create | Skirmisher |
| 10:51 | Create | Villager (Male) |
| 11:07 | Create | Villager (Male) |
| 11:30 | Create | Archer |
| 11:51 | Create | Archer |
| 12:31 | Create | Archer |
| 12:57 | Create | Archer |
| 14:32 | Build | Lumber Camp |
Build order — MatzeAoE
43 actions detected in the replay
| 0:01 | Create | Villager (Male) |
| 0:01 | Create | Villager (Male) |
| 0:03 | Build | House |
| 0:05 | Build | House |
| 0:13 | Create | Villager (Male) |
| 0:13 | Create | Villager (Male) |
| 1:31 | Create | Villager (Male) |
| 1:31 | Create | Villager (Male) |
| 1:31 | Create | Villager (Male) |
| 2:05 | Create | Villager (Male) |
| 2:14 | Create | Villager (Male) |
| 2:42 | Create | Villager (Male) |
| 2:49 | Create | Villager (Male) |
| 3:22 | Build | Lumber Camp |
| 3:23 | Create | Villager (Male) |
| 3:55 | Create | Villager (Male) |
| 3:55 | Create | Villager (Male) |
| 4:16 | Create | Villager (Male) |
| 4:16 | Create | Villager (Male) |
| 4:48 | Create | Villager (Male) |
| 4:50 | Build | House |
| 5:16 | Build | House |
| 5:32 | Create | Villager (Male) |
| 5:33 | Create | Villager (Male) |
| 5:52 | Create | Villager (Male) |
| 6:08 | Create | Villager (Male) |
| 6:17 | Create | Villager (Male) |
| 6:23 | Create | Villager (Male) |
| 6:26 | Create | Villager (Male) |
| 6:42 | Build | House |
| 7:14 | Create | Villager (Male) |
| 7:25 | Create | Villager (Male) |
| 7:25 | Create | Villager (Male) |
| 8:11 | Build | House |
| 8:11 | Build | House |
| 8:28 | Build | Palisade Wall |
| 8:28 | Build | Palisade Wall |
| 8:44 | Research | Loom |
| 8:49 | Build | Town Center |
| 9:30 | Research | Loom |
| 9:41 | Create | Villager (Male) |
| 9:43 | Create | Villager (Male) |
| 9:54 | Create | Villager (Male) |
Match timeline
| 7:23 | boanaan · first_building Barracks |
| 8:28 | MatzeAoE · wall_segment Palisade Wall x1 |
| 8:28 | MatzeAoE · wall_segment Palisade Wall x1 |
| 8:45 | boanaan · wall_segment Palisade Wall x1 |
| 8:47 | boanaan · wall_segment Palisade Wall x1 |
| 8:56 | boanaan · age_up feudal |
| 8:59 | boanaan · first_building Archery Range |
| 10:33 | boanaan · wall_segment Palisade Wall x1 |
| 14:46 | MatzeAoE · resign |
[ AI ANALYSIS · 1 CREDIT ]
What really happened in this match?
Wolo.gg analyzes every decision: build order, eco, micro, common mistakes by bracket. Personalized analysis on WhatsApp or Discord in 30 seconds.
Civ guide
Khmer
Perfil
Jugador #23000509